 Dungeon Crawl Stone Soup version 0.26.0-5-gb5863c6483 (webtiles) character file.

Game seed: 3590135099332137120

14765 EnegeticOcto the Basher (level 11, -2/80 HPs)
             Began as a Mummy Arcane Marksman on Jan 10, 2021.
             Was an Elder of Makhleb.
             Engulfed by an ice statue's freezing vapour (26 damage)
             ... in an ice cave.
             The game lasted 00:36:32 (16207 turns).

EnegeticOcto the Basher (Mummy Arcane Marksman)    Turns: 16207, Time: 00:36:33

Health: -2/80      AC: 13    Str: 23    XL:     11   Next: 93%
Magic:  15/15      EV: 11    Int: 13    God:    Makhleb [****..]
Gold:   377        SH:  4    Dex: 12    Spells: 11/12 levels left

rFire    . . .     SeeInvis .   b - +3 whip (elec)
rCold    . . .     Faith    +   q - +0 buckler
rNeg     + + +     Spirit   .   v - +1 acid dragon scales
rPois    ∞         Reflect  .   k - +2 helmet
rElec    .         Harm     .   (no cloak)
rCorr    +         Rampage  .   (no gloves)
Will     +....                  h - +2 pair of boots
Stlth    ++........             r - amulet of faith
HPRegen  0.23/turn              p - ring of fire
MPRegen  0.14/turn              C - +6 ring of strength

@: about to teleport
A: no potions, fire vulnerability, cold resistance 1, negative energy resistance
3, torment resistance, unbreathing
a: Renounce Religion, Minor Destruction, Lesser Servant of Makhleb, Major
Destruction


You were in an ice cave.
You worshipped Makhleb.
Makhleb was greatly pleased with you.
You visited 2 branches of the dungeon, and saw 12 of its levels.
You also visited: Ice Cave.

You collected 507 gold pieces.
You spent 130 gold pieces at shops.

Inventory:

Hand Weapons
 a - a +1 hand crossbow
 b - a +3 whip of electrocution (weapon)
   (You took it off Robin on level 2 of the Dungeon)
 t - a +2 flail of distortion
   (You took it off an orc on level 6 of the Dungeon)
Missiles
 d - 40 bolts
 i - 53 poisoned darts (quivered)
 l - 3 throwing nets {!f!f}
Armour
 h - a +2 pair of boots (worn)
   (You found it on level 1 of the Dungeon)
 k - a +2 helmet (worn)
   (You took it off Robin on level 2 of the Dungeon)
 q - a +0 buckler (worn)
   (You found it on level 7 of the Dungeon)
 v - +1 acid dragon scales (worn)
   (You took it off Maggie on level 6 of the Dungeon)
 D - a +0 chain mail
   (You took it off an orc on level 10 of the Dungeon)
Jewellery
 p - a ring of fire (left hand)
   (You took it off a centaur on level 6 of the Dungeon)
 r - an amulet of faith (around neck)
   (You found it on level 4 of the Dungeon)
 y - an uncursed amulet of reflection
   (You found it on level 9 of the Dungeon)
 C - a +6 ring of strength (right hand)
   (You found it on level 11 of the Dungeon)
Wands
 f - a wand of random effects (68)
   (You found it on level 3 of the Dungeon)
 s - a wand of polymorph (10)
   (You took it off Psyche on level 8 of the Dungeon)
 u - a wand of flame (11) {@v4@v4}
   (You took it off Maggie on level 6 of the Dungeon)
 x - a wand of disintegration (14)
   (You found it on level 11 of the Dungeon)
 z - a wand of paralysis (6)
   (You found it on level 11 of the Dungeon)
 B - a wand of iceblast (6) {@v2@v2}
   (You found it on level 11 of the Dungeon)
Scrolls
 c - 8 scrolls of remove curse {@r2@r2}
 e - 2 scrolls of immolation
 g - 5 scrolls of teleportation {@r3 !r@r3 !r}
 j - 7 scrolls of identify {@r1@r1}
 m - a scroll of torment
 n - a scroll of amnesia
 o - 2 scrolls of magic mapping {@r5 !r@r5 !r}
 w - 2 scrolls of fog {!r!r}
 A - 2 scrolls of enchant armour


   Skills:
 + Level 5.6 Fighting
 * Level 11.5 Maces & Flails
 - Level 7.3 Crossbows
 - Level 1.5 Dodging
 - Level 3.0 Stealth
 + Level 1.8 Shields
 - Level 1.3 Spellcasting
 - Level 2.6 Hexes
 - Level 6.0 Invocations
 + Level 3.7 Evocations


You had 11 spell levels left.
You knew the following spells:

 Your Spells              Type           Power        Failure   Level
a - Corona                Hex            7%           16%         1

Your spell library contained the following spells:

 Spells                   Type           Power        Failure   Level
 Slow                     Hex            7%           22%         2
 Magic Dart               Conj           0%           41%         1
 Shock                    Conj/Air       0%           41%         1
 Searing Ray              Conj           0%           56%         2
 Swiftness                Air            0%           56%         2
 Dazzling Flash           Conj/Hex       8%           61%         3
 Inner Flame              Hex/Fire       6%           61%         3
 Portal Projectile        Hex/Tloc       8%           61%         3
 Static Discharge         Conj/Air       0%           80%         3
 Cause Fear               Hex            3%           83%         4
 Fulminant Prism          Conj/Hex       2%           95%         4
 Leda's Liquefaction      Hex/Erth       2%           95%         4
 Airstrike                Air            0%           99%         4
 Iskenderun's Mystic Bla  Conj/Tloc      0%           99%         4
 Bolt of Magma            Conj/Fire/Erth 0%           100%        5
 Iskenderun's Battlesphe  Conj           0%           100%        5
 Lightning Bolt           Conj/Air       0%           100%        5
 Iron Shot                Conj/Erth      0%           100%        6
 Orb of Destruction       Conj           0%           100%        7
 Spellforged Servitor     Conj/Summ      0%           100%        7


Dungeon Overview and Level Annotations

Branches:
Dungeon (11/15)            Temple (0/1) D:7            Lair (1/6) D:9
  IceCv (1/1)
    Orc: D:9-12

Altars:
Ashenzari
Cheibriados
Elyvilon
Hepliaklqana
Kikubaaqudgha
Makhleb
Qazlal
Sif Muna
Vehumet
Wu Jian
Xom
Yredelemnul
Zin
The Shining One

Shops:
D:5 *   D:11 [

Annotations:
D:3 Sigmund
D:4 1 exclusion IceCv exclusion: ice statue


Innate Abilities, Weirdness & Mutations

You do not drink.
Your flesh is vulnerable to fire.
You are immune to poison.
Your flesh is cold resistant. (rC+)
You are immune to negative energy. (rN+++)
You are immune to unholy pain and torment.
You can survive without breathing.


Message History

The bolt of cold hits you. You resist.
Marking area around an ice statue as unsafe for travelling.
What are your orders? t - Shout!
Orders for allies: a - Attack new target. r - Retreat! s - Stop attacking. g - Guard the area. f - Follow me.
Anything else - Cancel.
You shout for attention!
You hear a shout!
What are your orders? t - Shout!
Orders for allies: a - Attack new target. r - Retreat! s - Stop attacking. g - Guard the area. f - Follow me.
Anything else - Cancel.
You shout for attention!
You start resting.
A necromancer comes into view. It is wielding a +2 dagger of venom.
Press: ? - help, v - describe, . - travel
Here: a necromancer, wielding a +2 dagger of venom and wearing a +0 robe The floor.
Evoke which item? (* to show all) (? for menu, Esc to quit)
Okay, then.
You feel more attuned to fire.
p - a ring of fire (left hand)
Press: ? - help, v - describe, . - travel
Here: a necromancer, wielding a +2 dagger of venom and wearing a +0 robe The floor.
Evoke which item? (* to show all) (? for menu, Esc to quit)
Okay, then.
Your +3 whip of electrocution stops crackling.
a - a +1 hand crossbow (weapon)
You shoot a bolt. The bolt barely misses the necromancer.
You shoot a bolt. The bolt hits the necromancer!
The necromancer is heavily wounded.
You shoot a bolt. The bolt misses the necromancer.
You hear the crackle of electricity.
b - a +3 whip of electrocution (weapon)
The necromancer barely misses you.
You closely miss the necromancer.
The necromancer is heavily wounded.
You hit the necromancer.
The necromancer is heavily wounded.
The necromancer hits you with a +2 dagger of venom.
You hit the necromancer.
Lightning courses through the necromancer!
The necromancer is almost dead.
You hit the necromancer.
The necromancer is almost dead.
The necromancer hits you but does no damage.
You whack the necromancer!
You kill the necromancer!
Makhleb accepts your kill.
You feel better.
No target in view!
j - 7 scrolls of identify {@r1@r1} (gained 3)
Things that are here:
a +2 dagger of venom; a +0 robe; a glowing coppery potion
d - 40 bolts (gained 1)
A demon appears!
Really walk into a travel-excluded area?
The ice statue gestures.
You swap places.
Found a glowing scimitar.
You hit the ice beast but do no damage. You hit the ice beast.
The ice beast is moderately wounded.
Your orange demon stings the ice beast from afar.
You block the ice beast's attack.
You hit the ice beast but do no damage.
Lightning courses through the ice beast!
You kill the ice beast!
Found three items.
Your orange demon stings the ice statue but does no damage.
Found a scroll of identify and a runed helmet.
You hit the ice statue but do no damage.
Your orange demon stings the ice statue from afar.
You completely miss the ice statue.
The ice statue is lightly damaged.
You hit the ice statue.
The ice statue is lightly damaged.
The ice statue gestures at you. The freezing blast engulfs you!!
Your orange demon is engulfed in freezing vapours.
Your orange demon stings the ice statue but does no damage.
You are engulfed in freezing vapours.
The ice statue gestures.
Your orange demon is engulfed in freezing vapours.
Your orange demon stings the ice statue but does no damage.
There is an open door here.
You are engulfed in freezing vapours.
* * * LOW HITPOINT WARNING * * *
The ice statue glitters chillingly in the dim dungeon light.
The ice statue gestures.
You see here a runed scale mail.
There's a creature in the doorway!
Really read
g - 6 scrolls of teleportation {@r3 !r@r3 !r}?
As you read the scroll of teleportation {@r3 !r@r3 !r}, it crumbles to dust.
You feel strangely unstable.
You are engulfed in freezing vapours.
You die...

#############
#.'.......'.#
##.#########.#
...#.#.#.#.#.##
.###'#'#'#'#.8######
.#.'.......#.......#
####.8.8.8.#.#####§#
...........#.#![☼#Y##
...........'.#.⌠@Y☼8#
...........#.#[.°#○##
####.8.8.8.#.#####4#
.#.'.......#..)....#
.###'#'#'#'#..######
...#.#.#.#.#.##
##.#########.#
#.'.......'.#
#############


You could see an ice statue and 2 ice beasts.

Vanquished Creatures
  A boulder beetle (D:11)
  A death yak (D:9)
  A necromancer (IceCv)
  An ugly thing (D:11)
  A cyclops (D:11)
  Psyche (D:8)
  An ice statue (IceCv)
  Maggie (D:6)
  2 rime drakes (Lair:1)
  7 ice devils (IceCv)
  A troll (D:9)
  A hornet (D:11)
  A wraith (D:11)
  A wyvern (D:11)
  4 hogs (D:7)
  6 yaks
  A human (D:7)
  Menkaure (D:6)
  Duvessa (D:7)
  2 water moccasins
  An eye of draining (D:9)
  5 black bears
  2 ice beasts
  2 sky beasts
  2 phantoms
  2 ogres
  2 necrophages
  6 centaurs
  3 big kobolds
  Blork the orc (D:4)
  6 bullfrogs
  Dowan (D:7)
  2 water moccasin zombies (D:6)
  5 scorpions
  A water moccasin skeleton (D:8)
  10 wights
  4 howler monkeys
  3 bullfrog zombies
  A crimson imp (D:4)
  2 quasits (D:9)
  4 hounds
  2 jellies
  A bullfrog skeleton (D:11)
  A draconian simulacrum (IceCv)
  8 orc priests
  A centaur skeleton (D:8)
  7 orc wizards
  An iguana (D:4)
  11 worker ants
  Natasha (twice) (D:4)
  A troll simulacrum (IceCv)
  A spriggan simulacrum (IceCv)
  A killer bee zombie (D:9)
  A hound skeleton (D:4)
  A howler monkey zombie (D:10)
  A worker ant zombie (D:6)
  Robin (D:2)
  12 adders
  A howler monkey skeleton (D:5)
  4 naga simulacra (IceCv)
  An ogre simulacrum (IceCv)
  A gnoll (D:2)
  5 shadow imps
  2 white imps
  3 ufetubi
  An ooze (D:3)
  A worm (D:2)
  2 dart slugs
  2 leopard geckos
  38 orcs
  12 bats
  4 giant cockroaches
  9 goblins
  16 hobgoblins
  15 jackals
  21 kobolds
  5 quokkas
  6 frilled lizards
  A leopard gecko skeleton (D:8)
  A leopard gecko zombie (D:5)
  8 rats
  A bush (D:8)
  A butterfly (D:4)
315 creatures vanquished.

Vanquished Creatures (collateral kills)
  2 death yaks (D:9)
  2 ice statues (IceCv)
  2 ice devils (IceCv)
  3 yaks (D:9)
  A troll simulacrum (IceCv)
  A centaur simulacrum (IceCv)
11 creatures vanquished.

Vanquished Creatures (others)
  A fungus (Lair:1)
  2 plants (Lair:1)
3 creatures vanquished.

Grand Total: 329 creatures vanquished

Notes
Turn   | Place    | Note
-------+----------+-------------------------------------------
     0 | D:1      | EnegeticOcto the Mummy Arcane Marksman began the quest for
                  | the Orb.
     0 | D:1      | Reached XP level 1. HP: 15/15 MP: 2/2
   176 | D:1      | Reached skill level 1 in Stealth
   176 | D:1      | Reached XP level 2. HP: 21/21 MP: 4/4
   179 | D:1      | Reached skill level 2 in Crossbows
   562 | D:1      | Reached XP level 3. HP: 26/26 MP: 5/5
   851 | D:2      | Reached skill level 2 in Stealth
   872 | D:2      | Noticed Robin
  1099 | D:2      | Reached XP level 4. HP: 32/32 MP: 6/6
  1109 | D:2      | Killed Robin
  1964 | D:3      | Found a broken altar of Ashenzari.
  2205 | D:3      | Reached skill level 1 in Maces & Flails
  2362 | D:3      | Reached XP level 5. HP: 37/37 MP: 7/7
  2365 | D:3      | Found a stormy altar of Qazlal.
  2387 | D:3      | Reached skill level 3 in Stealth
  2721 | D:3      | Noticed Sigmund
  2839 | D:4      | Noticed a six-headed hydra
  2966 | D:4      | Reached skill level 2 in Maces & Flails
  3111 | D:4      | Noticed Blork the orc
  3528 | D:4      | Reached skill level 3 in Maces & Flails
  3528 | D:4      | Reached XP level 6. HP: 42/43 MP: 8/8
  3664 | D:4      | Killed Blork the orc
  3911 | D:4      | Found a radiant altar of Vehumet.
  3911 | D:4      | Found a burning altar of Makhleb.
  4031 | D:4      | Noticed Natasha
  4035 | D:4      | Killed Natasha
  4067 | D:4      | Reached skill level 4 in Maces & Flails
  4138 | D:4      | Found a shimmering altar of Xom.
  4188 | D:4      | Noticed Natasha
  4194 | D:4      | Killed Natasha
  4390 | D:4      | Became a worshipper of Makhleb the Destroyer
  4416 | D:5      | Entered Level 5 of the Dungeon
  4494 | D:5      | Noticed a sky beast
  4506 | D:5      | Killed a sky beast
  4507 | D:5      | Reached skill level 5 in Maces & Flails
  4507 | D:5      | Reached XP level 7. HP: 30/48 MP: 9/9
  4771 | D:5      | Found Zan Ceor's Assorted Antiques.
  4784 | D:5      | Bought a moonstone ring for 130 gold pieces
  4804 | D:5      | Found a white marble altar of Elyvilon.
  4816 | D:5      | Reached skill level 2 in Fighting
  5079 | D:5      | Reached skill level 3 in Fighting
  5401 | D:5      | Reached XP level 8. HP: 58/58 MP: 10/10
  5662 | D:5      | Reached skill level 6 in Maces & Flails
  5824 | D:6      | Reached skill level 4 in Fighting
  6041 | D:5      | Reached * piety under Makhleb
  6372 | D:5      | Reached skill level 5 in Fighting
  6686 | D:6      | Noticed Menkaure
  6691 | D:6      | Noticed Maggie
  6792 | D:6      | Killed Menkaure
  6793 | D:6      | Reached skill level 7 in Maces & Flails
  7582 | D:5      | Reached skill level 8 in Maces & Flails
  7582 | D:5      | Reached XP level 9. HP: 53/68 MP: 11/11
  7843 | D:6      | Killed Maggie
  8461 | D:6      | Found a shimmering blue altar of Sif Muna.
  8463 | D:6      | Found a glowing golden altar of the Shining One.
  8505 | D:7      | Reached skill level 9 in Maces & Flails
  8535 | D:7      | Found a staircase to the Ecumenical Temple.
  8599 | D:7      | Noticed Dowan
  8619 | D:7      | Reached skill level 3 in Crossbows
  8721 | D:7      | Noticed Duvessa
  8727 | D:7      | Reached ** piety under Makhleb
  8730 | D:7      | Killed Duvessa
  8732 | D:7      | Killed Dowan
  9007 | D:7      | Reached skill level 4 in Crossbows
  9196 | D:7      | You fall into a shaft and drop 2 floors!
  9502 | D:7      | Reached XP level 10. HP: 74/74 MP: 12/12
  9687 | D:8      | Noticed Psyche
  9692 | D:8      | Reached skill level 5 in Crossbows
  9692 | D:8      | Reached *** piety under Makhleb
  9693 | D:8      | Reached skill level 10 in Maces & Flails
  9701 | D:8      | Killed Psyche
  9702 | D:8      | Reached skill level 1 in Invocations
  9798 | D:8      | Found a hazy altar of Hepliaklqana.
  9879 | D:8      | Found an ornate altar of the Wu Jian Council.
  9969 | D:8      | Reached skill level 2 in Invocations
 10807 | D:9      | Found an ancient bone altar of Kikubaaqudgha.
 10808 | D:9      | Found a basalt altar of Yredelemnul.
 10827 | D:9      | Found a snail-covered altar of Cheibriados.
 10926 | D:9      | Reached **** piety under Makhleb
 10937 | D:9      | Reached skill level 3 in Invocations
 10952 | D:9      | Noticed a death yak
 10952 | D:9      | Noticed a death yak
 10959 | D:9      | Noticed a death yak
 11146 | D:9      | Found a staircase to the Lair.
 11293 | D:9      | Reached skill level 6 in Crossbows
 11439 | D:9      | Found a glowing silver altar of Zin.
 11533 | D:10     | Entered Level 10 of the Dungeon
 12161 | D:10     | Reached skill level 4 in Invocations
 12162 | D:10     | Reached ***** piety under Makhleb
 12443 | D:11     | Noticed a white ugly thing
 12454 | D:11     | Killed a white ugly thing
 12455 | D:11     | Reached XP level 11. HP: 79/79 MP: 14/14
 12455 | D:11     | Found Keschuju's Antique Armour Emporium.
 12657 | D:11     | Noticed a boulder beetle
 12675 | D:11     | Killed a boulder beetle
 12676 | D:11     | Reached skill level 1 in Evocations
 12894 | D:11     | Reached skill level 5 in Invocations
 12894 | D:11     | Reached skill level 2 in Evocations
 12961 | D:11     | Found a shimmering altar of Xom.
 13338 | D:9      | Reached skill level 7 in Crossbows
 13341 | D:9      | Killed a death yak
 13342 | D:9      | Reached skill level 11 in Maces & Flails
 13348 | D:9      | Killed a death yak
 13361 | D:9      | Killed a death yak
 13640 | Lair:1   | Entered Level 1 of the Lair of Beasts
 13685 | Lair:1   | Reached skill level 3 in Evocations
 13685 | Lair:1   | Found a frozen archway.
 13699 | IceCv    | Entered an ice cave
 14772 | IceCv    | Reached skill level 1 in Shields
 14772 | IceCv    | Reached skill level 6 in Invocations
 16177 | IceCv    | Noticed a necromancer
 16188 | IceCv    | Killed a necromancer
 16207 | IceCv    | Engulfed by an ice statue's freezing vapour

Illustrated notes

Levels and vault maps discovered:
D:1:      minmay_arrival_diagonal_passages, layout_rooms, nrook_campfire,
          chequers_serial_rivers_micro_b, st_stairs_5, minivault_5,
          chequers_serial_rivers_small_3
D:2:      layout_rooms, kennysheep_generic_room_13, uniq_robin
D:3:      layout_loops_ring, old_standard_altar, nicolae_ashenzari_panopticon,
          uniq_sigmund
D:4:      layout_loops_corners, grunt_temple_overflow_lords_of_destruction,
          xom_butterflies, dk_noncrumbling_2, minmay_misc_feat_hallway,
          minmay_manual_moon, uniq_blork_the_orc, uniq_natasha
D:5:      layout_gridville, lemuel_round_altar, serial_shops,
          nicolae_shop_overgrown_old_shop, grunt_ministairs_11
D:6:      layout_rooms, minitemple, uniq_menkaure, uniq_maggie
D:7:      layout_basic, minmay_temple_entry_statues_pillars,
          chequers_serial_rivers_micro_a, grunt_livestock,
          chequers_serial_rivers_micro_a, uniq_duvessa
D:8:      layout_loops_cross, general_overflow_altar, marbit_many_paths,
          minmay_hedge_maze, uniq_psyche
D:9:      layout_roguey, chequers_temple_overflow_statue_of_worship,
          dpeg_lair_monsters, lemuel_tele_altar
D:10:     layout_basic
D:11:     layout_irregular_city, serial_shops, nicolae_shop_trees,
          serial_column_ruins, column_ruins_open_tiny, column_ruins_open_tiny,
          column_ruins_columns_straight, column_ruins_grid_4,
          column_ruins_columns_corner, tgw_xom
Lair:1:   layout_chaotic_city, portal_ice_cave_rime, grunt_megastairs_5,
          serial_bayou_shore_b, lemuel_fruit_tree, minmay_lair_oklob_chamber,
          uniq_harold
IceCv:    ice_cave_tombish

Skill      XL: |  1  2  3  4  5  6  7  8  9 10 11 |
---------------+----------------------------------+-----
Stealth        | 1 2 3 |  3.0
Crossbows      | 2 4 6 7 |  7.3
Maces & Flails | 1 3 5 8 9 10 11 | 11.5
Fighting       | 3 5 |  5.6
Invocations    | 4 6 |  6.0
Evocations     | 3 |  3.7
Shields        | 1 |  1.8
Dodging        | |  1.5
Spellcasting   | |  1.3
Hexes          | |  2.6

Action                   |  1- 3 |  4- 6 |  7- 9 | 10-12 || total
-------------------------+-------+-------+-------+-------++-------
Melee: Short sword       |    11 |       |       |       ||    11
       Whip              |       |   167 |   326 |   663 ||  1156
 Fire: Hand crossbow     |    76 |    71 |    84 |   101 ||   332
Throw: Dart              |       |       |     7 |     6 ||    13
Invok: Lesser Servant of |       |       |       |    18 ||    18
Evoke: Wand              |       |       |     5 |    27 ||    32
  Use: Scroll            |     4 |     4 |     6 |    13 ||    27
 Stab: Sleeping          |       |       |     1 |     3 ||     4
       Paralysed         |       |       |       |     4 ||     4
       Distracted        |       |       |       |     3 ||     3
Armor: Robe              |    12 |       |       |       ||    12
       Scale mail        |     8 |    99 |    55 |       ||   162
       Acid dragon scale |       |       |    48 |   223 ||   271
Dodge: Dodged            |    36 |    95 |   129 |   200 ||   460
Block: Buckler           |       |       |     4 |    46 ||    50
